MLB
CLEVELAND GUARDIANS @ BOSTON RED SOX
08/16/2041
 
TOP OF THE 1ST
Cleveland Guardians batting - Pitching for Boston Red Sox : RHP Raúl Chávez
Pitching: RHP Raúl Chávez
Batting: LHB José Consiglio 0-0: Foul Ball, location: 7LDF
0-1: Ball
1-1: Foul Ball, location: 5F
1-2: Strikes out swinging
Batting: RHB José Rodríguez 0-0: Ball
1-0: DOUBLE (Line Drive, 89D, EV 102.5 MPH)
Batting: RHB Jeff Jacobs 0-0: Foul Ball, location: 2F
0-1: Ball
1-1: Ball
2-1: Swinging Strike
2-2: Ground out 5-3 (Groundball, 56S, EV 86.3 MPH)
José Rodríguez to third
Batting: LHB Jesús Garza 0-0: Fly out, F9 (Flyball, 89M, EV 83.1 MPH)
Top of the 1st over - 0 runs, 1 hit, 0 errors, 1 left on base; Cleveland 0 - Boston 0
BOTTOM OF THE 1ST
Boston Red Sox batting - Pitching for Cleveland Guardians : RHP Rob Fox
Pitching: RHP Rob Fox
Batting: RHB Juan Ávila 0-0: Called Strike
0-1: Foul Ball, location: 2F
0-2: SINGLE (Line Drive, 8LS, EV 84.4 MPH)
Batting: RHB José Morales 0-0: Called Strike
0-1: Ball
1-1: SINGLE (Groundball, 4D, EV 104.4 MPH)
Juan Ávila to second
Runner from 2nd tries for 3rd, SAFE, throw by RF made to third
Batting: LHB Derek Orby 0-0: Called Strike
0-1: Grounds into double play, 6-4-3 (Groundball, 56, EV 103.1 MPH)
Juan Ávila scores
Batting: RHB António Negrón 0-0: Ball
1-0: Foul Ball, location: 2F
1-1: Called Strike
1-2: Foul Ball, location: 9LMF
1-2: Strikes out swinging
Bottom of the 1st over - 1 run, 2 hits, 0 errors, 0 left on base; Cleveland 0 - Boston 1
TOP OF THE 2ND
Cleveland Guardians batting - Pitching for Boston Red Sox : RHP Raúl Chávez
Batting: RHB Wilfred Sanders 0-0: Foul Ball, location: 25F
0-1: Ball
1-1: Ball
2-1: Ball
3-1: Called Strike
3-2: Ground out 4-3 (Groundball, 34D, EV 86.9 MPH)
Batting: LHB Stan Walton 0-0: Ball
1-0: Called Strike
1-1: Ball
2-1: Fly out, F6 (Popup, 15S, EV 88.8 MPH)
Batting: LHB Juan Morales 0-0: Fly out, F8 (Flyball, 8RD, EV 102.5 MPH)
Top of the 2nd over - 0 runs, 0 hits, 0 errors, 0 left on base; Cleveland 0 - Boston 1
BOTTOM OF THE 2ND
Boston Red Sox batting - Pitching for Cleveland Guardians : RHP Rob Fox
Batting: LHB Abel Scott 0-0: Ground out U3 (Groundball, 3, EV 98.1 MPH)
Batting: RHB Juan Serrato 0-0: Foul Ball, location: 3SF
0-1: Called Strike
0-2: Ball
1-2: Strikes out swinging
Batting: LHB Erwin Broomhead 0-0: Ball
1-0: Ball
2-0: Ball
3-0: Base on Balls
Batting: SHB Danny Walker 0-0: Fielders Choice at 2nd, U6 (Groundball, 6M, EV 101.9 MPH)
Bottom of the 2nd over - 0 runs, 0 hits, 0 errors, 1 left on base; Cleveland 0 - Boston 1
TOP OF THE 3RD
Cleveland Guardians batting - Pitching for Boston Red Sox : RHP Raúl Chávez
Batting: SHB Tim Webster 0-0: Ball
1-0: Swinging Strike
1-1: Called Strike
1-2: SINGLE (Groundball, 4D, EV 103.1 MPH)
Batting: RHB Pepe Montés 0-0: Ball
Wild Pitch!
Tim Webster to second
1-0: Called Strike
1-1: Ball
2-1: Ball
3-1: Ground out 5-3 (Groundball, 56, EV 91.3 MPH)
Batting: LHB José Consiglio 0-0: Ball
1-0: SINGLE (Groundball, 34D, EV 105.0 MPH)
Tim Webster to third
Runner from 3rd tries for Home, SAFE, throw by RF to home
José Consiglio to second
Batting: RHB José Rodríguez 0-0: Ball
1-0: Swinging Strike
1-1: Swinging Strike
1-2: Strikes out swinging
Batting: RHB Jeff Jacobs 0-0: Called Strike
0-1: Swinging Strike
0-2: Ball
1-2: Strikes out looking and he ARGUES THE CALL AND IS TOSSED!
Top of the 3rd over - 1 run, 2 hits, 0 errors, 1 left on base; Cleveland 1 - Boston 1
BOTTOM OF THE 3RD
Boston Red Sox batting - Pitching for Cleveland Guardians : RHP Rob Fox
Now at 3B: Josh Wilson
Batting: RHB Ignacio Villalobos 0-0: Called Strike
0-1: Ball
1-1: Ball
2-1: Ground out U3 (Groundball, 34, EV 83.8 MPH)
Batting: RHB Juan Ávila 0-0: Ball
1-0: Called Strike
1-1: Ball
2-1: Ball
3-1: Base on Balls
Batting: RHB José Morales 0-0: Called Strike
0-1: Called Strike
0-2: Strikes out swinging
Batting: LHB Derek Orby 0-0: Swinging Strike
0-1: SINGLE (Groundball, 6MS, EV 67.5 MPH) (infield hit)
Juan Ávila to second
Batting: RHB António Negrón 0-0: Called Strike
0-1: Ball
1-1: Ball
2-1: Fly out, F6 (Popup, 6M, EV 56.9 MPH)
Bottom of the 3rd over - 0 runs, 1 hit, 0 errors, 2 left on base; Cleveland 1 - Boston 1
TOP OF THE 4TH
Cleveland Guardians batting - Pitching for Boston Red Sox : RHP Raúl Chávez
Batting: LHB Jesús Garza 0-0: SINGLE (Line Drive, 4D, EV 98.8 MPH)
Batting: RHB Wilfred Sanders 0-0: Ball
1-0: Called Strike
1-1: Foul Ball, location: 9LDF
1-2: Ball
2-2: Grounds into double play, 5-4-3 (Groundball, 56, EV 105.0 MPH)
Batting: LHB Stan Walton 0-0: Ball
1-0: Called Strike
1-1: Foul Ball, location: 7LDF
1-2: Ball
2-2: Fly out, F5 (Popup, 56S, EV 79.4 MPH)
Top of the 4th over - 0 runs, 1 hit, 0 errors, 0 left on base; Cleveland 1 - Boston 1
BOTTOM OF THE 4TH
Boston Red Sox batting - Pitching for Cleveland Guardians : RHP Rob Fox
Batting: LHB Abel Scott 0-0: Ball
1-0: Called Strike
1-1: Called Strike
1-2: Ball
2-2: Ball
3-2: Foul Ball, location: 7LSF
3-2: Base on Balls
Batting: RHB Juan Serrato 0-0: Sac Bunt to 23 - play at second, runner OUT! 3-6
Batting: LHB Erwin Broomhead 0-0: Ball
1-0: Swinging Strike
1-1: Called Strike
1-2: Foul Ball, location: 5SF
1-2: DOUBLE (Line Drive, 7LM, EV 103.8 MPH)
Juan Serrato to third
Runner from 3rd tries for Home, SAFE, throw by LF to home
Batting: SHB Danny Walker 0-0: Ground out 4-3 (Groundball, 4, EV 91.3 MPH)
Erwin Broomhead to third
Batting: RHB Ignacio Villalobos 0-0: Fly out, F7 (Line Drive, 7LM, EV 98.8 MPH)
Bottom of the 4th over - 1 run, 1 hit, 0 errors, 1 left on base; Cleveland 1 - Boston 2
TOP OF THE 5TH
Cleveland Guardians batting - Pitching for Boston Red Sox : RHP Raúl Chávez
Batting: LHB Juan Morales 0-0: Ball
1-0: Foul Ball, location: 2LF
1-1: Called Strike
1-2: Ball
2-2: Fly out, F3 (Popup, 34, EV 58.1 MPH)
Batting: SHB Tim Webster 0-0: Ball
1-0: Ground out 4-3 (Groundball, 4, EV 87.5 MPH)
Batting: RHB Pepe Montés 0-0: Ball
1-0: Ball
2-0: Swinging Strike
2-1: Swinging Strike
2-2: Foul Ball, location: 5FF
2-2: Ball
3-2: Ground out 1-3 (Groundball, 34S, EV 68.8 MPH)
Top of the 5th over - 0 runs, 0 hits, 0 errors, 0 left on base; Cleveland 1 - Boston 2
BOTTOM OF THE 5TH
Boston Red Sox batting - Pitching for Cleveland Guardians : RHP Rob Fox
Batting: RHB Juan Ávila 0-0: Foul Ball, location: 7LSF
0-1: Ball
1-1: Ball
2-1: Foul Ball, location: 5F
2-2: TRIPLE (Flyball, 78XD, EV 105.0 MPH)
Batting: RHB José Morales 0-0: SINGLE (Groundball, 3S, EV 75.0 MPH) (infield hit)
Juan Ávila scores
Batting: LHB Derek Orby 0-0: Grounds into double play, 4-6-3 (Groundball, 4, EV 86.9 MPH)
Batting: RHB António Negrón 0-0: Called Strike
0-1: Ball
1-1: Foul Ball, location: 2F
1-2: Ball
2-2: Fly out, F7 (Line Drive, 7S, EV 107.5 MPH)
Bottom of the 5th over - 1 run, 2 hits, 0 errors, 0 left on base; Cleveland 1 - Boston 3
TOP OF THE 6TH
Cleveland Guardians batting - Pitching for Boston Red Sox : RHP Raúl Chávez
Batting: LHB José Consiglio 0-0: Ball
1-0: Ball
2-0: Called Strike
2-1: Fly out, F6 (Popup, 4MS, EV 79.4 MPH)
Batting: RHB José Rodríguez 0-0: Fly out, F8 (Flyball, 89D, EV 85.0 MPH)
Batting: RHB Josh Wilson 0-0: Ball
1-0: Ball
2-0: SINGLE (Groundball, 56S, EV 66.3 MPH) (infield hit)
Batting: LHB Jesús Garza 0-0: Called Strike
Josh Wilson is caught stealing 2nd base 2-6
Top of the 6th over - 0 runs, 1 hit, 0 errors, 0 left on base; Cleveland 1 - Boston 3
BOTTOM OF THE 6TH
Boston Red Sox batting - Pitching for Cleveland Guardians : RHP Rob Fox
Batting: LHB Abel Scott 0-0: Called Strike
0-1: Ball
1-1: Ball
2-1: SINGLE (Groundball, 56, EV 97.5 MPH)
Batting: RHB Juan Serrato 0-0: Sac Bunt to 23 - play at first, batter OUT! 3-4
Abel Scott to second
Batting: LHB Erwin Broomhead 0-0: Ball
1-0: Fly out, F6 (Popup, 6M, EV 68.8 MPH)
Batting: SHB Danny Walker 0-0: Ball
1-0: Foul Ball, location: 9LSF
1-1: Ball
2-1: Ball
3-1: Base on Balls
Batting: RHB Ignacio Villalobos 0-0: Ball
1-0: Called Strike
1-1: Ball
2-1: 3-RUN HOME RUN (Flyball, 7D, EV 96.3 MPH), Distance : 389 ft
Pitching: LHP Pippino Fischetti
Batting: RHB Juan Ávila 0-0: Called Strike
0-1: Called Strike
0-2: Ball
1-2: Ball
2-2: Foul Ball, location: 3SF
2-2: Ground out 6-3 (Groundball, 6, EV 83.1 MPH)
Bottom of the 6th over - 3 runs, 2 hits, 0 errors, 0 left on base; Cleveland 1 - Boston 6
TOP OF THE 7TH
Cleveland Guardians batting - Pitching for Boston Red Sox : RHP Raúl Chávez
Batting: LHB Jesús Garza 0-0: Swinging Strike
0-1: Called Strike
0-2: Foul Ball, location: 2F
0-2: Ball
1-2: Ground out 4-3 (Groundball, 4S, EV 63.1 MPH)
Batting: RHB Wilfred Sanders 0-0: Foul Ball, location: 2F
0-1: Foul Ball, location: 9LDF
0-2: Ball
1-2: Ball
2-2: SINGLE (Line Drive, 56D, EV 95.0 MPH)
Batting: LHB Stan Walton 0-0: Called Strike
0-1: Foul Ball, location: 7LMF
0-2: Ball
1-2: Ball
2-2: Strikes out swinging
Batting: LHB Juan Morales 0-0: Ball
1-0: Foul Ball, location: 3DF
1-1: Ball
2-1: Foul Ball, location: 2F
2-2: Foul Ball, location: 2F
2-2: Fly out, F7 (Flyball, 7, EV 92.5 MPH)
Top of the 7th over - 0 runs, 1 hit, 0 errors, 1 left on base; Cleveland 1 - Boston 6
BOTTOM OF THE 7TH
Boston Red Sox batting - Pitching for Cleveland Guardians : LHP Pippino Fischetti
Batting: RHB José Morales 0-0: Ball
1-0: Fly out, F6 (Popup, 6MD, EV 67.5 MPH)
Batting: LHB Derek Orby 0-0: Swinging Strike
0-1: Swinging Strike
0-2: Strikes out swinging
Batting: RHB António Negrón 0-0: Ground out 4-3 (Groundball, 4MD, EV 95.0 MPH)
Bottom of the 7th over - 0 runs, 0 hits, 0 errors, 0 left on base; Cleveland 1 - Boston 6
TOP OF THE 8TH
Cleveland Guardians batting - Pitching for Boston Red Sox : RHP Raúl Chávez
Batting: SHB Tim Webster 0-0: Called Strike
0-1: Foul Ball, location: 3FF
0-2: Hit by Pitch
Batting: RHB Pepe Montés 0-0: Ball
1-0: Ball
2-0: Foul Ball, location: 5FF
2-1: Foul Ball, location: 25F
2-2: Foul Ball, location: 2RF
2-2: Foul Ball, location: 2F
2-2: Ball
3-2: Base on Balls
Tim Webster to second
Pitching: LHP Kevin West
Pinch Hitting: SHB José Valentín 0-0: Called Strike
0-1: Ball
1-1: Ball
2-1: Foul Ball, location: 2F
2-2: Ball
3-2: Grounds into double play, 5-4-3 (Groundball, 56, EV 105.6 MPH)
Tim Webster to third
Batting: RHB José Rodríguez Balk!
Tim Webster scores
0-0: Foul Ball, location: 9LDF
0-1: Foul Ball, location: 3FF
0-2: Fly out, F7 (Flyball, 7, EV 75.0 MPH)
Top of the 8th over - 1 run, 0 hits, 0 errors, 0 left on base; Cleveland 2 - Boston 6
BOTTOM OF THE 8TH
Boston Red Sox batting - Pitching for Cleveland Guardians : LHP Pippino Fischetti
Now in RF: José Valentín
Batting: LHB Abel Scott 0-0: Called Strike
0-1: Swinging Strike
0-2: Ground out 4-3 (Groundball, 4M, EV 92.5 MPH)
Batting: RHB Juan Serrato 0-0: Ball
1-0: DOUBLE (Groundball, 3L, EV 101.3 MPH)
Batting: LHB Erwin Broomhead 0-0: SINGLE (Groundball, 4D, EV 110.0 MPH)
Juan Serrato to third
Batting: SHB Danny Walker 0-0: Ball
1-0: Called Strike
1-1: Ball
2-1: Ball
3-1: Swinging Strike
3-2: Foul Ball, location: 2F
3-2: Base on Balls
Erwin Broomhead to second
Batting: RHB Ignacio Villalobos 0-0: Called Strike
0-1: Ball
1-1: DOUBLE (Groundball, 5L, EV 102.5 MPH)
Juan Serrato scores
Erwin Broomhead scores
Danny Walker to third
Runner from 3rd tries for Home, SAFE, throw by LF to home
Pinch Hitting: RHB Luis Cortéz 0-0: Ground out 6-3 (Groundball, 6, EV 101.9 MPH)
Batting: RHB José Morales 0-0: Called Strike
0-1: Called Strike
0-2: Strikes out swinging
Bottom of the 8th over - 3 runs, 3 hits, 0 errors, 1 left on base; Cleveland 2 - Boston 9
TOP OF THE 9TH
Cleveland Guardians batting - Pitching for Boston Red Sox : LHP Kevin West
Now at 1B: Luis Cortéz
Batting: RHB Josh Wilson 0-0: Ball
1-0: Ball
2-0: Ball
3-0: Called Strike
3-1: Ground out 6-3 (Groundball, 4MS, EV 73.1 MPH)
Pinch Hitting: RHB Jorge Velázquez 0-0: Foul Ball, location: 5SF
0-1: Foul Ball, location: 25F
0-2: Foul Ball, location: 2F
0-2: Strikes out swinging
Batting: RHB Wilfred Sanders 0-0: Foul Ball, location: 7LSF
0-1: SINGLE (Groundball, 4M, EV 83.8 MPH)
Batting: LHB Stan Walton 0-0: Ball
1-0: Ball
2-0: Foul Ball, location: 3F
2-1: Ball
3-1: Base on Balls
Wilfred Sanders to second
Pinch Hitting: RHB Faust Ghisolfi 0-0: Ball
1-0: Called Strike
1-1: Called Strike
1-2: Ball
2-2: Ball
3-2: Ground out 1-3 (Groundball, 13S, EV 66.9 MPH)
Top of the 9th over - 0 runs, 1 hit, 0 errors, 2 left on base; Cleveland 2 - Boston 9
Sunday, March 24th , 2024 - OOTP Baseball 24.10 Build 82